 Dungeon Crawl Stone Soup version 0.28.0-43-g3370ac3207 (webtiles) character file.

Game seed: 7228631116681903673

288 Descartes the Ruffian (level 6, -9/55 HPs)
             Began as a Troll Warper on Mar 1, 2022.
             Killed from afar by an orc wizard (10 damage)
             ... with a puff of flame
             ... on level 3 of the Dungeon.
             The game lasted 00:03:23 (1406 turns).

Descartes the Ruffian (Troll Warper)                Turns: 1406, Time: 00:03:24

Health: -9/55      AC:  4    Str: 20    XL:     6   Next: 9%
Magic:  6/6        EV: 10    Int:  9    God:
Gold:   61         SH:  0    Dex: 11    Spells: 7/7 levels left

rFire   . . .      SeeInvis .     - Unarmed
rCold   . . .      Faith    .   (no shield)
rNeg    + . .      Spirit   .   a - +0 robe
rPois   .          Reflect  .   (helmet restricted)
rElec   .          Harm     .   (no cloak)
rCorr   .          Rampage  .   (gloves unavailable)
Will    .....                   (boots unavailable)
Stlth   +.........              (no amulet)
HPRegen 0.98/turn               f - ring of positive energy
MPRegen 0.10/turn               (no ring)

@: lethally poisoned (-9 -> -10)
A: large, unfitting armour, claws 3, regeneration 1, shaggy fur 1, tough skin 1
a: no special abilities


You were on level 3 of the Dungeon.
You visited 1 branch of the dungeon, and saw 3 of its levels.

You collected 61 gold pieces.

Inventory:

Missiles
 c - 5 boomerangs of dispersal (quivered)
 d - 76 stones
Armour
 a - a +0 robe (worn)
Jewellery
 f - a ring of positive energy (left claw)
 k - a ring of positive energy
 m - a +4 ring of evasion
Scrolls
 b - a scroll of blinking
 h - a scroll of teleportation {unknown}
 j - 2 scrolls of identify {unknown}
 l - a scroll of fog {unknown}
Potions
 e - a potion of resistance {unknown}
 g - 2 potions of heal wounds {unknown}
 i - a potion of cancellation {unknown}


   Skills:
 - Level 1.5 Fighting
 - Level 0.8 Throwing
 - Level 1.9 Dodging
 + Level 4.7 Unarmed Combat
 - Level 1.2 Spellcasting
 + Level 3.9 Translocations


You had 7 spell levels left.
You didn't know any spells.
Your spell library contained the following spells:

 Spells                   Type           Power      Damage    Failure   Level
 Blink                    Tloc           14%        N/A       11%         2
 Gell's Gravitas          Tloc           7%         N/A       22%         3
 Lesser Beckoning         Tloc           7%         N/A       22%         3
 Teleport Other           Tloc           7%         N/A       22%         3
 Manifold Assault         Tloc           7%         N/A       89%         5


Dungeon Overview and Level Annotations

Branches:
Dungeon (3/15)

Altars:


Innate Abilities, Weirdness & Mutations

You are too large for most types of armour.
You have claws for hands.
Your natural rate of healing is unusually fast.
You are covered in fur. (AC +1)
You have tough skin. (AC +1)


Message History

You scratch the orc wizard.
The orc wizard is severely wounded.
You feel sick. The orc wizard barely misses you. The orc completely misses you.
The orc hits you from afar with a +0 trident.
An orc comes into view. It is wielding a +0 dagger.
You closely miss the orc wizard.
The orc wizard is severely wounded.
You feel sick. The orc wizard closely misses you.
The orc hits you with a +0 flail.
The orc hits you from afar with a +0 trident.
You closely miss the orc wizard.
The orc wizard is severely wounded.
You feel sick. The orc wizard closely misses you.
The orc hits you but does no damage. x2
You completely miss the orc wizard.
The orc wizard is severely wounded.
You feel sick.
The orc shouts!
The orc wizard hits you with a +2 dagger of venom.
You are more poisoned.
The orc hits you but does no damage.
You feel sick.
You feel sick.
You closely miss the orc. You claw the orc.
The orc is almost dead.
You feel sick. The orc hits you with a +0 flail!
* * * LOW HITPOINT WARNING * * *
You scratch the orc.
You kill the orc!
You feel sick.
The orc hits you from afar with a +0 trident.
* * * LOW HITPOINT WARNING * * *
The orc wizard gestures at you while chanting.
The puff of flame hits you!
* * * LOW HITPOINT WARNING * * *
* * * LOW HITPOINT WARNING * * *
You feel sick.
The orc wizard gestures at you while chanting.
The puff of flame hits you!
You die...

#....#.#####.##.#.#.#...##...
####.##.#.##....##.#†#.#.#.....
#..........#.#.###.#...#.......
...#.#..####.#.#............#.#
.....#.......#.#######.#.##.#.#
.....#..##.....#.........##.#.###
>...............................#
..................o..............
........##.#####@.oo........#.#..
.###....##.# ####o........#.#
........#..# #.......†....#.#
.####...#.## #.##.........#.#
.####...#.# #.##.........#.#
.#....<...# #.##......##o#.#
#............ #.###.....##.#.#
#.....######.##.###.##..##.#.###
#....... #.....##.(........


You could see an orc wizard and 3 orcs.

Vanquished Creatures
  Grinder (D:3)
  Terence (D:2)
  An adder (D:2)
  2 dart slugs (D:1)
  An orc (D:3)
  7 bats
  4 endoplasms
  2 giant cockroaches (D:2)
  2 goblins (D:1)
  2 hobgoblins
  7 jackals
  A quokka (D:1)
  6 ball pythons
  A frilled lizard (D:1)
  A kobold (D:1)
  2 rats
41 creatures vanquished.

Notes
Turn   | Place    | Note
-------+----------+-------------------------------------------
     0 | D:1      | Descartes the Troll Warper began the quest for the Orb.
     0 | D:1      | Reached XP level 1. HP: 19/19 MP: 1/1
   169 | D:1      | Reached XP level 2. HP: 25/27 MP: 2/2
   668 | D:1      | Reached XP level 3. HP: 32/33 MP: 3/3
   973 | D:2      | Found a faded altar of an unknown god.
   996 | D:2      | Noticed Terence
  1005 | D:2      | Killed Terence
  1006 | D:2      | Reached skill level 3 in Unarmed Combat
  1036 | D:2      | Reached XP level 4. HP: 38/41 MP: 4/4
  1204 | D:3      | Noticed Grinder
  1207 | D:3      | Paralysed by Grinder for 3 turns
  1223 | D:3      | Paralysed by Grinder for 5 turns
  1256 | D:3      | Killed Grinder
  1257 | D:3      | Reached skill level 4 in Unarmed Combat
  1257 | D:3      | Reached XP level 5. HP: 37/48 MP: 5/5
  1257 | D:3      | Reached XP level 6. HP: 42/55 MP: 6/6
  1405 | D:3      | HP: 1/55 [orc wizard/puff of flame (10)]
  1406 | D:3      | Killed from afar by an orc wizard

Illustrated notes

Levels and vault maps discovered:
D:1:      minmay_arrival_stair_chambers, layout_basic
D:2:      layout_basic, basic_ecumenical_altar, uniq_terence
D:3:      layout_basic, mainiacjoe_overflow_six_doors_small,
          grunt_temple_overflow_open, minmay_pentomino_pile, uniq_grinder

Skill      XL: |  1  2  3  4 |
---------------+-------------+-----
Unarmed Combat | 3 4 |  4.7
Translocations | 3 |  3.9
Fighting       | |  1.5
Throwing       | |  0.8
Dodging        | |  1.9
Spellcasting   | |  1.2

Action                   |  1- 3 |  4- 6 || total
-------------------------+-------+-------++-------
Melee: Unarmed           |    83 |    50 ||   133
       Punch             |     2 |     1 ||     3
 Stab: Sleeping          |     1 |       ||     1
Armor: Robe              |    27 |    25 ||    52
Dodge: Dodged            |    29 |    27 ||    56
